 Dungeon Crawl Stone Soup version 0.29.1-12-g30fa7ad0bf (webtiles) character file.

Game seed: 7038197833753398391

534096 nightchill the Conqueror (level 25, -3/252 (257) HPs)
             Began as a Hill Orc Fighter on Jan 5, 2023.
             Was a High Priest of Okawaru.
             Killed from afar by an electric golem (29 damage)
             ... with a bolt of lightning
             ... on level 5 of the Realm of Zot on Jan 7, 2023.
             The game lasted 04:19:59 (81342 turns).

nightchill the Conqueror (Hill Orc Fighter)        Turns: 81342, Time: 04:19:59

HP:   -3/252 (257)  AC: 37    Str: 31    XL:     25   Next: 74%
MP:   32/35         EV:  5    Int: 11    God:    Okawaru [*****.]
Gold: 4228          SH: 17    Dex: 10    Spells: 20/24 levels left

rFire   + + .      SeeInvis +   s - +6 broad axe (vamp)
rCold   + + .      Faith    .   O - +5 kite shield {reflect}
rNeg    + . .      Spirit   .   c - +6 gold dragon scales
rPois   +          Reflect  +   e - +1 helmet {Int+3}
rElec   .          Harm     .   v - +1 cloak of Fykhyach {rN+ SInv}
rCorr   .          Rampage  .   f - +1 pair of gloves of the Terrible Wumpus {Contam +Blink Will+}
Will    +++..                   k - +3 pair of mountain boots {steadfast, rC+}
Stlth   ..........              N - amulet of regeneration
HPRegen 1.32/turn               X - ring of willpower
MPRegen 0.24/turn               j - ring of protection from fire

@: finesse-ful, corroded, vertiginous, studying Maces & Flails, lightly drained
A: see invisible, subdued magic 1
}: 3/15 runes: serpentine, barnacled, silver
a: Renounce Religion, Evoke Blink, Heroism, Finesse, Duel


You were on level 5 of the Realm of Zot.
You worshipped Okawaru.
Okawaru was extremely pleased with you.
You visited 9 branches of the dungeon, and saw 45 of its levels.
You also visited: Ice Cave.

You collected 6597 gold pieces.
You spent 2369 gold pieces at shops.

Inventory:

Hand Weapons
 a - a +4 broad axe of electrocution
 b - the +5 broad axe "Quzoidunt" {vorpal, rElec}
   (Okawaru gifted it to you on level 2 of the Depths)

   It inflicts extra damage upon your enemies.
   rElec:     It insulates you from electricity.
 s - a +6 vampiric broad axe (weapon)
 t - a +2 antimagic broad axe
 w - the +3 war axe "Puxtag" {holy, Dex+2}
   (You took it off a merfolk on level 4 of the Shoals)

   It has been blessed by the Shining One to cause great damage to the undead
   and demons.
   Dex:       It affects your dexterity (+2).
Missiles
 d - 4 throwing nets (quivered)
 L - 8 curare-tipped darts
 Z - 10 silver javelins
Armour
 c - +6 gold dragon scales (worn)
 e - a +1 helmet of intelligence (worn)
 f - the +1 pair of gloves of the Terrible Wumpus (worn) {Contam +Blink Will+}
   (You found it on level 4 of the Lair of Beasts)

   +Blink:    It lets you blink.
   Contam:    It causes magical contamination when unequipped.
   Will:      It increases your willpower.
 k - the +3 pair of mountain boots (worn) {steadfast, rC+}
   (Okawaru gifted it to you in an ice cave)

   It prevents involuntary movement, except for blinking, teleportation, or
   banishment.
   rC:        It protects you from cold.
 v - the +1 cloak of Fykhyach (worn) {rN+ SInv}
   (Okawaru gifted it to you on level 4 of the Lair of Beasts)

   rN:        It protects you from negative energy.
   SInv:      It lets you see invisible.
 H - the +0 pair of boots "Lenagu" {Will++ Int+5}
   (You found it on level 5 of the Vaults)

   Int:       It affects your intelligence (+5).
   Will:      It greatly increases your willpower.
 O - a +5 kite shield of reflection (worn)
 Q - a scarf of invisibility
Jewellery
 g - a ring of fire
 j - a ring of protection from fire (right hand)
 m - a ring of resist corrosion
 p - an amulet of the acrobat
 r - a ring of positive energy
 D - a ring of protection from cold
 N - an amulet of regeneration (around neck)
 V - a ring of willpower
 X - a ring of willpower (left hand)
Wands
 i - a wand of iceblast (15)
 o - a wand of digging (11)
 F - a wand of acid (16)
 S - a wand of polymorph (17)
 W - a wand of paralysis (28)
 Y - a wand of mindburst (7)
Scrolls
 l - 6 scrolls of vulnerability
 q - a scroll of enchant armour
 z - 4 scrolls of teleportation
 A - a scroll of silence
 K - 6 scrolls of poison
 M - a scroll of blinking
Potions
 n - a potion of cancellation
 u - 14 potions of curing
 x - 3 potions of might
 B - 6 potions of attraction
 C - 5 potions of flight
 E - 3 potions of magic
 I - 6 potions of mutation
 J - 6 potions of haste
 P - 5 potions of invisibility
 U - 2 potions of lignification
Miscellaneous
 y - a tin of tremorstones (2/2)
 R - a condenser vane
 T - a phial of floods


   Skills:
 O Level 27 Fighting
 - Level 18.0 Axes
 + Level 14.0 Throwing
 + Level 23.9 Armour
 - Level 11.1 Dodging
 - Level 15.0 Shields
 + Level 16.9 Invocations
 - Level 15.0 Evocations


You had 20 spell levels left.
You knew the following spells:

 Your Spells              Type           Power      Damage    Failure   Level
a - Passage of Golubria   Tloc           0%         N/A       100%        4

Your spell library contained the following spells:

 Spells                   Type           Power      Damage    Failure   Level
 Beastly Appendage        Tmut           0%         N/A       99%         1
 Magic Dart               Conj           0%         1d3       99%         1
 Sandblast                Erth           0%         2d4       99%         1
 Shock                    Conj/Air       0%         1d3       99%         1
 Passwall                 Tmut/Erth      0%         N/A       100%        2
 Poisonous Vapours        Pois/Air       0%         N/A       100%        2
 Static Discharge         Conj/Air       0%         3-3/arc   100%        2
 Sublimation of Blood     Necr           0%         N/A       100%        2
 Wereblood                Tmut           0%         N/A       100%        2
 Confusing Touch          Hex            0%         N/A       100%        3
 Conjure Flame            Conj/Fire      0%         6-21      100%        3
 Frozen Ramparts          Ice            0%         1d1       100%        3
 Ignite Poison            Fire/Tmut/Pois 0%         N/A       100%        3
 Inner Flame              Hex/Fire       0%         N/A       100%        3
 Lesser Beckoning         Tloc           0%         N/A       100%        3
 Mephitic Cloud           Conj/Pois/Air  0%         N/A       100%        3
 Ozocubu's Armour         Ice            0%         N/A       100%        3
 Portal Projectile        Hex/Tloc       0%         N/A       100%        3
 Spider Form              Tmut/Pois      0%         N/A       100%        3
 Stone Arrow              Conj/Erth      0%         3d7       100%        3
 Swiftness                Air            0%         N/A       100%        3
 Airstrike                Air            0%         2d(0-16)  100%        4
 Cause Fear               Hex            0%         N/A       100%        4
 Corpse Rot               Necr/Pois/Air  0%         N/A       100%        4
 Dispel Undead            Necr           0%         3d6       100%        4
 Fulminant Prism          Conj/Hex       0%         3d6       100%        4
 Ice Form                 Ice/Tmut       0%         N/A       100%        4
 Iskenderun's Mystic Bla  Conj/Tloc      0%         2d3       100%        4
 Leda's Liquefaction      Hex/Erth       0%         N/A       100%        4
 Sticky Flame             Conj/Fire      0%         2d3       100%        4
 Blade Hands              Tmut           0%         N/A       100%        5
 Freezing Cloud           Conj/Ice/Air   0%         6-21      100%        5
 Irradiate                Conj/Tmut      0%         3d11      100%        5
 Lightning Bolt           Conj/Air       0%         1d11      100%        5
 Yara's Violent Unravell  Hex/Tmut       0%         3d3       100%        5
 Starburst                Conj/Fire      0%         6d3       100%        6
 Dragon Form              Tmut           0%         N/A       100%        7
 Enfeeble                 Hex            0%         N/A       100%        7
 Ozocubu's Refrigeration  Ice            0%         4d7       100%        7
 Borgnjor's Revivificati  Necr           0%         N/A       100%        8
 Discord                  Hex            0%         N/A       100%        8
 Lehudib's Crystal Spear  Conj/Erth      0%         10d2      100%        8
 Maxwell's Capacitive Co  Air            0%         ∞         100%        8
 Necromutation            Tmut/Necr      0%         N/A       100%        8
 Death's Door             Necr           0%         N/A       100%        9
 Polar Vortex             Ice            0%         N/A       100%        9
 Call Imp                 Summ           Unusable   N/A       N/A         2
 Tukima's Dance           Hex            Unusable   N/A       N/A         3
 Animate Armour           Summ/Erth      Unusable   N/A       N/A         4
 Summon Ice Beast         Ice/Summ       Unusable   N/A       N/A         4
 Summon Forest            Summ/Tloc      Unusable   N/A       N/A         5
 Death Channel            Necr           Unusable   N/A       N/A         6
 Simulacrum               Ice/Necr       Unusable   N/A       N/A         6
 Summon Hydra             Summ           Unusable   N/A       N/A         7

Dungeon Overview and Level Annotations

Branches:
Dungeon (15/15)            Temple (0/1) D:5            Lair (5/5) D:9
 Shoals (4/4) Lair:2        Snake (4/4) Lair:3        Slime (0/5) Lair:4
    Orc (2/2) D:10            Elf (1/3) Orc:2        Vaults (5/5) D:14
  Crypt (0/3) Vaults:2     Depths (4/4) D:15            Zot (5/5) Depths:4
  IceCv (visited)

Altars:
Ashenzari
Dithmenos
Elyvilon
Fedhas
Hepliaklqana
Okawaru
Sif Muna
Uskayaw
Vehumet
Xom
Yredelemnul
Zin
The Shining One
Beogh
Jiyva

Shops:
D:13 *   Orc:1 !   Orc:2 ([*((   Elf:1 :==   Shoals:1 :   Vaults:1 :
Vaults:4 [   Depths:1 =

Portals:
Hell: Depths:1 Depths:2 Depths:3 Depths:4
Abyss: Depths:1 Depths:3
Pandemonium: Depths:2 Depths:4
Ziggurat: Depths:2
Trove: Depths:4 (give 12 potions of heal wounds)

Annotations:
D:2 exclusion: upstairs
D:3 exclusion: 3 downstairs
D:4 exclusion: 2 upstairs
D:6 exclusion: upstairs
D:7 exclusion: downstairs
D:8 exclusion: downstairs
D:12 exclusion: upstairs
D:13 exclusion: upstairs
D:14 !meraki
D:15 exclusion: 2 upstairs
Lair:3 exclusion: 2 downstairs
Lair:5 4 exclusions
Snake:1 exclusion: 2 downstairs
Snake:2 exclusion: downstairs
Snake:3 exclusions: shock serpent and 1 more exclusion
Snake:4 exclusion: upstairs
Vaults:1 exclusion: 2 downstairs
Vaults:3 exclusion: downstairs
Vaults:5 !careful
Depths:1 6 transporters, 1 exclusion
Depths:2 !caustic, exclusion: downstairs
Depths:3 exclusions: downstairs and 1 more exclusion


Innate Abilities, Weirdness & Mutations

You have supernaturally acute eyesight. (SInv)
Your spells are a little easier to cast, but a little less powerful.


Message History

You feel much better. The Orb Guardian barely misses you.
The electric golem hurls lightning at you.
The bolt of lightning hits the orb of fire.
The orb of fire completely resists.
The bolt of lightning hits the ancient lich.
The ancient lich resists.
The bolt of lightning hits you!!
* * * LOW HITPOINT WARNING * * *
The bolt of lightning hits you!!
* * * LOW HITPOINT WARNING * * *
An Orb Guardian comes into view.
The Orb Guardian hits you but does no damage.
You block the Orb Guardian's attack.
The white draconian breathes frost at you.
The blast of cold hits you but does no damage.
The ancient lich mumbles some strange words.
The ancient lich flickers and vanishes for a moment.
The dread lich casts a spell.
You block the white draconian's attack.
The white draconian hits you but does no damage.
The black draconian breathes lightning at you.
The bolt of lightning hits the orb of fire.
The orb of fire completely resists.
The bolt of lightning hits you!
* * * LOW HITPOINT WARNING * * *
The bolt of lightning hits you!!
* * * LOW HITPOINT WARNING * * *
The purple draconian shifter gestures wildly while chanting.
The purple draconian shifter blinks!
The yellow draconian annihilator gestures at you while chanting.
Your +5 kite shield of reflection reflects the iron shot!
The iron shot hits the white draconian!!!
The Orb Guardian attacks as you move away!
You block the Orb Guardian's attack.
The electric golem hurls lightning at you.
The bolt of lightning hits the dread lich!
The dread lich resists.
The bolt of lightning hits the orb of fire.
The orb of fire completely resists.
The bolt of lightning hits you!!
* * * LOW HITPOINT WARNING * * *
The bolt of lightning hits you!!
You die...

*,,,***********,,,***,,,,,,,,,,,,
,,,** **,,,,**,,,,,,,,,,, ,***
***,,,,,,,,,,,,,,, **
*****▓▓*******,, *
*▓▓▓..,,,,,,,^, ***
##▓...........,,, ,,**
##..........)^.,,, ,,,* ****▓▓▓**
#.........§....,,,
,,,***,,^....**▓@.............,,,
,,,**^^,,^....*▓X*.L.d........,,,
,,,*,,,,,^.X.^.▓..d.L....9..p.,,,
,,,,,,,^,0...XXXXdLXp9..p.....,,,
,,^*,,^,,X.^.XX▓....2.......§.,,,
,,,**,,,,....^▓▓...qp.p.......,,,
,,,***,,,..^.▓*▓..............,,,
,,,* ****▓▓▓▓* ▓..q.......p...,,,
,,** ▓▓.............,,,


You could see an orb of fire, 3 Killer Klowns, an electric golem, a tentacled
monstrosity, 2 ancient liches, a dread lich (fast), a black draconian, 2
draconians, a purple draconian shifter, 3 Orb Guardians, a yellow draconian
annihilator and a hellion (summoned).

Vanquished Creatures
  2 dread liches (Vaults:5)
  An ancient lich (Vaults:5)
  Boris (Depths:4)
  4 caustic shrikes
  4 golden dragons
  Nikola (Snake:4)
  A hellephant (Depths:1)
  11 tentacled monstrosities
  Jorgrun (Shoals:2)
  Rupert (D:13)
  7 quicksilver dragons
  A walking divine tome (Depths:2)
  Asterion (Depths:2)
  A lich (Depths:2)
  11 titans
  A kraken (Shoals:3)
  Polyphemus (Shoals:3)
  2 death cobs (Zot:2)
  Agnes (Elf:1)
  Donald (Shoals:4)
  2 sphinxes
  10 shadow dragons
  The ghost of Angmar the Brawler, an adept DrTm of Wu Jian (Shoals:3)
  Kirke (Shoals:1)
  13 storm dragons
  5 draconian knights
  4 draconian monks
  2 deep elf sorcerers (Vaults:5)
  6 nagarajas
  Aizul (Shoals:1)
  2 iron dragons
  12 fire giants
  3 draconian scorchers (Zot:5)
  3 draconian shifters
  15 vault wardens
  3 orc warlords
  A cacodemon (Depths:2)
  19 frost giants
  Louise (Depths:1)
  5 draconian annihilators
  A spriggan defender (Depths:3)
  A caustic shrike skeleton (Depths:2)
  21 ironbound preservers
  3 war gargoyles
  19 stone giants
  22 very ugly things
  3 vampire knights
  5 ironbound thunderhulks
  3 draconian stormcallers (Zot:5)
  7 black draconians
  3 deep elf demonologists (Vaults:5)
  10 green draconians
  7 yellow draconians
  A deep elf annihilator (Elf:1)
  Azrael (D:15)
  An entropy weaver (Vaults:1)
  4 purple draconians
  24 dire elephants
  7 white draconians
  6 red draconians
  Snorg (Lair:5)
  4 spark wasps (Depths:2)
  3 deep elf death magi
  6 merfolk impalers
  12 ettins
  7 merfolk javelineers (Shoals:4)
  8 fire dragons
  3 great orbs of eyes
  2 deep elf high priests (Vaults:5)
  A crystal guardian (Vaults:3)
  Josephine (D:15)
  An ice dragon (shapeshifter) (D:15)
  30 vault guards
  A fire dragon (shapeshifter) (Vaults:5)
  3 jiangshi (Depths:1)
  2 rakshasas (Depths:2)
  Harold (D:11)
  2 boulder beetles
  10 yaktaur captains
  3 ice dragons
  2 salamander tyrants (Snake:4)
  4 ogre magi
  2 peacekeepers
  8 hydras
  5 spriggan air magi
  A catoblepas (Shoals:3)
  An alligator snapping turtle (shapeshifter) (D:14)
  2 merfolk avatars
  8 ironbound frosthearts
  9 centaur warriors
  21 naga warriors
  An anaconda (shapeshifter) (Depths:2)
  22 two-headed ogres
  6 alligator snapping turtles
  8 merfolk aquamancers
  The ghost of MisterFreud the Unseen, a journeyman FeBe of Trog (Lair:4)
  A dancing weapon (Vaults:5)
  5 tengu warriors
  15 death yaks
  9 deep troll shamans
  5 alligators (Snake:1)
  6 anacondas
  A vampire mage (Depths:1)
  11 hell hogs (Depths:1)
  An orc high priest (Orc:2)
  8 deep troll earth magi
  4 satyrs
  6 shock serpents
  2 soul eaters (Depths:2)
  19 hell knights
  3 deep elf knights (Elf:1)
  6 spriggan berserkers
  Urug (D:13)
  20 naga sharpshooters
  A shadow wraith (D:14)
  5 salamander mystics
  2 goliath frogs (Snake:1)
  12 sea snakes
  14 iron trolls
  11 skeletal warriors
  A glowing orange brain (Depths:3)
  4 flayed ghosts
  5 deep elf archers (Elf:1)
  14 ironbound convokers
  81 deep trolls
  4 naga ritualists
  5 lindwurms
  6 orc knights
  6 phantasmal warriors
  5 necromancers
  7 wizards
  A golden dragon skeleton (Depths:2)
  A tengu skeleton (Vaults:2)
  14 mana vipers
  9 harpies
  12 deep elf pyromancers
  A frost giant zombie (Vaults:1)
  5 orc sorcerers (Orc:2)
  42 ugly things
  11 fauns
  8 deep elf zephyrmancers (Elf:1)
  A wolf spider (D:15)
  21 salamanders
  13 moths of wrath
  7 cyclopes
  Maurice (D:13)
  A fire giant skeleton (Depths:2)
  18 manticores
  8 merfolk sirens
  An elephant (Lair:4)
  35 black mambas
  An eye of devastation (Lair:4)
  16 vault sentinels
  2 frost giant skeletons
  An ice statue (IceCv)
  A stone giant skeleton (Vaults:2)
  10 guardian serpents
  28 naga magi
  15 water nymphs
  2 gargoyles
  An elf skeleton (Vaults:1)
  A torpor snail (Lair:4)
  12 cane toads
  A smoke demon (Depths:2)
  3 rime drakes
  2 freezing wraiths (D:15)
  16 yaktaurs
  An efreet (D:14)
  7 komodo dragons
  An unseen horror (D:11)
  A red devil (Depths:2)
  5 tengu conjurers
  A merfolk (shapeshifter) (Vaults:5)
  10 trolls
  30 merfolk
  A queen bee (D:10)
  15 wind drakes
  3 meliai
  14 polar bears
  2 hornets (Depths:3)
  2 slime creatures (shapeshifter)
  3 blink frogs (Lair:4)
  12 dream sheep
  31 slime creatures
  11 snapping turtles
  2 ettin skeletons
  2 vampires
  2 spriggans (Depths:3)
  6 wraiths
  Sigmund (D:4)
  6 air elementals
  6 wyverns
  3 hogs (Shoals:1)
  21 water elementals
  38 yaks
  2 basilisks
  A neqoxec (Depths:2)
  Eustachio (D:4)
  A golden eye (shapeshifter) (Depths:2)
  2 fire elementals (Elf:1)
  A human simulacrum (Vaults:1)
  3 vampire mosquitoes (D:13)
  6 wargs
  62 nagas
  Edmund (D:4)
  4 acid dragons
  4 hell hounds (D:15)
  Duvessa (D:5)
  11 water moccasins
  A glowing shapeshifter skeleton (Vaults:2)
  A floating eye (Lair:4)
  An ice beast (D:5)
  35 orc warriors
  2 sky beasts
  2 black bears
  21 ogres
  26 wolves
  A centaur (D:7)
  A phantom (D:5)
  8 human skeletons
  A kobold brigand (D:7)
  Blork the orc (D:4)
  3 gnoll sergeants
  3 scorpions
  10 bullfrogs
  A necrophage (D:5)
  3 wights (D:10)
  Dowan (D:5)
  38 killer bees
  A killer bee (shapeshifter) (Vaults:5)
  3 electric eels
  4 quasits (D:8)
  6 hounds
  4 jellies
  18 orc priests
  2 gnoll boudas
  4 iguanas
  Ijyb (D:4)
  27 orc wizards
  Natasha (thrice) (D:2)
  Robin (D:2)
  11 adders
  19 gnolls
  5 shadow imps
  2 white imps
  4 ufetubi
  A worm (D:5)
  3 dart slugs
  100 orcs
  7 endoplasms
  2 giant cockroaches
  9 goblins
  A hobgoblin (shapeshifter) (Vaults:5)
  4 hobgoblins
  3 quokkas
  3 ball pythons
  4 bats
  4 frilled lizards
  11 kobolds
  4 rats
  A butterfly (Lair:2)
  7 tentacles
1918 creatures vanquished.

Vanquished Creatures (others)
  A yellow draconian (Zot:5)
  A merfolk aquamancer (Shoals:4)
  A wizard (Vaults:4)
  A deep elf pyromancer (Elf:1)
  A black mamba (Snake:3)
  A naga mage (Snake:4)
  A cane toad (shapeshifter) (Vaults:5)
  A water elemental (Shoals:4)
  A warg (Vaults:5)
  2 ogres
  A bush (Lair:3)
  7 demonic plants (D:8)
  49 fungi
  94 plants
  23 tentacles
  A withered plant (Depths:1)
186 creatures vanquished.

Grand Total: 2104 creatures vanquished

Notes
Turn   | Place    | Note
-------+----------+-------------------------------------------
     0 | D:1      | nightchill the Hill Orc Fighter began the quest for the
                  | Orb.
     0 | D:1      | Reached XP level 1. HP: 19/19 MP: 1/1
   157 | D:1      | Reached XP level 2. HP: 27/27 MP: 2/2
   510 | D:1      | Reached skill level 4 in Fighting
   543 | D:1      | Reached XP level 3. HP: 13/33 MP: 3/3
   987 | D:2      | Reached XP level 4. HP: 15/41 MP: 4/4
  1210 | D:2      | Noticed Robin
  1219 | D:2      | Reached skill level 5 in Axes
  1227 | D:2      | Killed Robin
  1444 | D:2      | Noticed Natasha
  1458 | D:2      | Killed Natasha
  1645 | D:2      | Reached XP level 5. HP: 47/47 MP: 5/5
  1704 | D:2      | Noticed Natasha
  1710 | D:2      | Killed Natasha
  1739 | D:2      | Reached skill level 5 in Fighting
  1769 | D:2      | Noticed Natasha
  1780 | D:2      | Killed Natasha
  1896 | D:3      | You fall into a shaft and drop 1 floor!
  1959 | D:3      | Found a shadowy altar of Dithmenos.
  2025 | D:3      | Found a hazy altar of Hepliaklqana.
  2028 | D:3      | Found a basalt altar of Yredelemnul.
  2031 | D:3      | Found a broken altar of Ashenzari.
  2034 | D:3      | Found an iron altar of Okawaru.
  2056 | D:3      | Became a worshipper of Warmaster Okawaru
  2166 | D:3      | Reached XP level 6. HP: 56/56 MP: 6/6
  2332 | D:3      | Identified the +7 mace of Corporal Punishment {vorpal,
                  | rElec Int-2 Dex+3 Stlth+}
  2910 | D:4      | Noticed Edmund
  2916 | D:4      | Killed Edmund
  2917 | D:4      | Reached skill level 1 in Invocations
  2966 | D:4      | Noticed Blork the orc
  2971 | D:4      | Killed Blork the orc
  2971 | D:4      | Reached * piety under Okawaru
  3151 | D:4      | Found a radiant altar of Vehumet.
  3471 | D:4      | Found a shimmering blue altar of Sif Muna.
  3516 | D:5      | Entered Level 5 of the Dungeon
  3516 | D:5      | Noticed Ijyb
  3525 | D:4      | Killed Ijyb
  3526 | D:4      | Reached XP level 7. HP: 61/62 MP: 5/8
  3559 | D:5      | Reached skill level 6 in Fighting
  3565 | D:5      | Noticed Eustachio
  3593 | D:4      | Killed Eustachio
  3896 | D:4      | Reached XP level 8. HP: 57/71 MP: 8/11
  3899 | D:5      | Noticed Sigmund
  4036 | D:5      | Noticed Dowan
  4277 | D:5      | Noticed Duvessa
  4315 | D:5      | Killed Dowan
  4321 | D:5      | Killed Duvessa
  4322 | D:5      | Reached skill level 7 in Fighting
  4343 | D:4      | Killed Sigmund
  4343 | D:4      | Reached ** piety under Okawaru
  4344 | D:4      | Reached skill level 10 in Axes
  4344 | D:4      | Reached skill level 5 in Invocations
  4919 | D:5      | Reached XP level 9. HP: 81/81 MP: 13/13
  5016 | D:5      | Found a staircase to the Ecumenical Temple.
  5067 | D:5      | Found a shimmering altar of Xom.
  5323 | D:6      | Reached skill level 8 in Fighting
  5361 | D:6      | Found a hide-covered altar of Uskayaw.
  6420 | D:7      | Reached *** piety under Okawaru
  6834 | D:7      | Reached skill level 9 in Fighting
  7322 | D:7      | Found a glowing silver altar of Zin.
  7322 | D:7      | Found a white marble altar of Elyvilon.
  7323 | D:7      | Found a glowing golden altar of the Shining One.
  7364 | D:8      | Noticed a two-headed ogre
  7382 | D:7      | Killed a two-headed ogre
  7383 | D:7      | Reached XP level 10. HP: 49/92 MP: 13/16
  7780 | D:8      | Reached skill level 10 in Fighting
  7860 | D:8      | Reached **** piety under Okawaru
  8625 | D:9      | Noticed a two-headed ogre
  8965 | D:9      | Reached skill level 15 in Axes
  8970 | D:9      | Noticed a two-headed ogre
  9458 | D:9      | Killed a two-headed ogre
  9459 | D:9      | Reached skill level 11 in Fighting
  9598 | D:9      | Reached XP level 11. HP: 48/102 MP: 17/17
  9799 | D:9      | Found a staircase to the Lair.
  9869 | D:9      | Killed a two-headed ogre
 10069 | Lair:1   | Entered Level 1 of the Lair of Beasts
 10127 | Lair:1   | Reached skill level 12 in Fighting
 10327 | Lair:1   | Reached ***** piety under Okawaru
 11336 | Lair:2   | Reached skill level 5 in Shields
 11642 | Lair:2   | Reached skill level 13 in Fighting
 11985 | Lair:2   | Reached skill level 5 in Armour
 12185 | Lair:2   | Noticed a seven-headed hydra
 12194 | Lair:2   | Killed a seven-headed hydra
 12816 | Lair:2   | Found a staircase to the Shoals.
 13250 | Lair:3   | Reached XP level 12. HP: 115/115 MP: 17/19
 13637 | Lair:3   | Reached skill level 1 in Throwing
 13637 | Lair:3   | Reached skill level 10 in Invocations
 13689 | Lair:3   | Reached ****** piety under Okawaru
 13743 | Lair:3   | Received a gift from Okawaru
 13966 | Lair:3   | Found a staircase to the Snake Pit.
 14404 | Lair:3   | Noticed a six-headed hydra
 14417 | Lair:3   | Killed a six-headed hydra
 14979 | Lair:4   | Noticed a death yak
 14979 | Lair:4   | Noticed a death yak
 14979 | Lair:4   | Noticed a death yak
 14979 | Lair:4   | Noticed a death yak
 14979 | Lair:4   | Noticed a death yak
 15132 | Lair:4   | Noticed a four-headed hydra
 15151 | Lair:4   | Killed a four-headed hydra
 15152 | Lair:4   | Reached skill level 14 in Fighting
 15381 | Lair:4   | Found a viscous altar of Jiyva.
 15382 | Lair:4   | Found a staircase to the Slime Pits.
 15825 | Lair:4   | Noticed MisterFreud's ghost (journeyman FeBe)
 15828 | Lair:4   | Noticed a death yak
 15829 | Lair:4   | Noticed a seven-headed hydra
 15832 | Lair:4   | Found a runed translucent gate.
 15890 | Lair:4   | Found a runed translucent gate.
 16661 | Lair:3   | Killed a death yak
 16661 | Lair:3   | Received a gift from Okawaru
 16889 | Lair:4   | Killed a death yak
 16889 | Lair:4   | Identified the +1 cloak of Fykhyach {rN+ SInv} (Okawaru
                  | gifted it to you on level 4 of the Lair of Beasts)
 16889 | Lair:4   | Received a gift from Okawaru
 16890 | Lair:4   | Reached XP level 13. HP: 113/125 MP: 19/21
 17312 | Lair:4   | Found a runed translucent gate.
 17515 | Lair:5   | Entered Level 5 of the Lair of Beasts
 18313 | Lair:5   | Reached skill level 15 in Fighting
 18738 | Lair:5   | Noticed Snorg
 18773 | Lair:5   | Killed Snorg
 19874 | D:10     | Entered Level 10 of the Dungeon
 20327 | D:10     | Found a staircase to the Orcish Mines.
 21159 | Orc:1    | Entered Level 1 of the Orcish Mines
 21688 | Orc:1    | Noticed an orc warlord
 21806 | Orc:1    | Killed an orc warlord
 21999 | Orc:1    | Found Unnis's Distillery.
 22164 | Orc:2    | Entered Level 2 of the Orcish Mines
 22191 | Orc:2    | Found a roughly hewn altar of Beogh.
 22889 | Orc:2    | Identified the +8 plate armour "Qulideer" {rC+++} (Okawaru
                  | gifted it to you on level 2 of the Orcish Mines)
 22889 | Orc:2    | Received a gift from Okawaru
 22975 | Orc:2    | Found a roughly hewn altar of Beogh.
 22985 | Orc:2    | Reached skill level 10 in Armour
 23364 | Orc:2    | Found a roughly hewn altar of Beogh.
 23364 | Orc:2    | Found Hent's Weapon Boutique.
 23567 | Orc:2    | Found a staircase to the Elven Halls.
 23652 | Orc:2    | Found a roughly hewn altar of Beogh.
 23652 | Orc:2    | Found Tauc's General Store.
 23660 | Orc:2    | Reached skill level 1 in Dodging
 23890 | Orc:2    | Found Mysh's Antique Weapon Shop.
 24092 | Orc:2    | Found a roughly hewn altar of Beogh.
 24128 | Orc:2    | Found a roughly hewn altar of Beogh.
 24366 | Orc:2    | Found a roughly hewn altar of Beogh.
 24526 | Orc:2    | Reached skill level 16 in Fighting
 24557 | Orc:2    | Reached XP level 14. HP: 94/137 MP: 17/23
 24557 | Orc:2    | Noticed an orc warlord
 24590 | Orc:2    | Killed an orc warlord
 24595 | Orc:2    | Reached skill level 10 in Shields
 25182 | Orc:2    | Found Viezieh's Antique Armour Shop.
 25183 | Orc:2    | Found a roughly hewn altar of Beogh.
 25186 | Orc:2    | Found Neoqo's Antique Weapon Boutique.
 25267 | Orc:2    | Bought a scroll of identify for 34 gold pieces
 25267 | Orc:2    | Bought a scroll of identify for 34 gold pieces
 25267 | Orc:2    | Bought a scroll of identify for 34 gold pieces
 25309 | Orc:1    | Bought a potion of heal wounds for 75 gold pieces
 25309 | Orc:1    | Bought a potion of heal wounds for 75 gold pieces
 25309 | Orc:1    | Bought a potion of haste for 150 gold pieces
 25309 | Orc:1    | Bought a potion of heal wounds for 75 gold pieces
 25381 | Orc:2    | Bought a brightly glowing chain mail for 285 gold pieces
 25381 | Orc:2    | Identified the +1 chain mail of Subjectivity {*Corrode rF-
                  | Will+++ Int+6} (You bought it in a shop on level 2 of the
                  | Orcish Mines)
 25485 | D:11     | Noticed Harold
 25515 | D:11     | Killed Harold
 27316 | D:12     | Found a frozen archway.
 27327 | D:12     | Identified the +3 leather armour "Aschidw Juem" {Dex+7}
 27333 | IceCv    | Entered an ice cave
 27594 | IceCv    | Received a gift from Okawaru
 27594 | IceCv    | Found the +3 pair of mountain boots {steadfast, rC+}
 28073 | IceCv    | Reached skill level 17 in Fighting
 28421 | IceCv    | Reached skill level 5 in Dodging
 29843 | D:13     | Reached XP level 15. HP: 130/147 MP: 24/24
 29943 | D:13     | Noticed Urug
 29957 | D:13     | Killed Urug
 30178 | D:13     | Found Cuvubeonk's Island Escapes.
 30218 | D:13     | Noticed Maurice
 30229 | D:13     | Killed Maurice
 30468 | D:13     | Noticed Rupert
 30480 | D:13     | Killed Rupert
 30480 | D:13     | Identified the +0 tower shield of Harob {rC+} (Okawaru
                  | gifted it to you on level 13 of the Dungeon)
 30480 | D:13     | Received a gift from Okawaru
 30850 | D:13     | Bought a scroll of teleportation for 45 gold pieces
 30850 | D:13     | Bought a scroll of blinking for 112 gold pieces
 30850 | D:13     | Bought a scroll of teleportation for 45 gold pieces
 33487 | D:14     | Found a gate to the Vaults.
 33626 | D:15     | Entered Level 15 of the Dungeon
 34140 | D:15     | Reached skill level 18 in Fighting
 34795 | D:15     | Found a hazy altar of Hepliaklqana.
 34823 | D:15     | Found a glowing golden altar of the Shining One.
 34996 | D:15     | Noticed Azrael
 35031 | D:15     | Killed Azrael
 35442 | D:15     | Identified the +4 ring mail of a bailey {rF+} (Okawaru
                  | gifted it to you on level 15 of the Dungeon)
 35442 | D:15     | Received a gift from Okawaru
 35972 | D:15     | Noticed Josephine
 35991 | D:15     | Killed Josephine
 36079 | D:15     | Found a staircase to the Depths.
 36090 | D:15     | Reached skill level 15 in Shields
 36090 | D:15     | Reached XP level 16. HP: 150/155 MP: 25/25
 36599 | Shoals:1 | Entered Level 1 of the Shoals
 36637 | Shoals:1 | Found Teecw's Vocational Training.
 36638 | Shoals:1 | Noticed Aizul
 36673 | Shoals:1 | Killed Aizul
 37739 | Elf:1    | Entered Level 1 of the Elven Halls
 37748 | Elf:1    | Paralysed by an air elemental for 1 turns
 37983 | Elf:1    | Noticed Agnes
 38002 | Elf:1    | Killed Agnes
 38960 | Elf:1    | Got Axudyen's Encyclopedia of Blows and Bruises
 39118 | Elf:1    | Reached skill level 19 in Fighting
 39675 | Elf:1    | Found Naudocla's Book Emporium.
 39675 | Elf:1    | Found Gagro's Jewellery Boutique.
 39683 | Elf:1    | Found Neti's Jewellery Boutique.
 39696 | Elf:1    | Bought a ring of poison resistance for 340 gold pieces
 39982 | Snake:1  | Entered Level 1 of the Snake Pit
 40737 | Snake:1  | Received a gift from Okawaru
 42073 | Snake:1  | Identified the +5 ring mail of Coynegri {Int+4}
 42073 | Snake:1  | Noticed a nagaraja
 42119 | Snake:1  | Killed a nagaraja
 42236 | Snake:1  | Reached XP level 17. HP: 148/168 MP: 26/26
 44059 | Snake:2  | Received a gift from Okawaru
 44582 | Snake:1  | Received a gift from Okawaru
 44974 | Snake:2  | Reached skill level 20 in Fighting
 45488 | Snake:2  | Received a gift from Okawaru
 46686 | Snake:3  | Reached skill level 10 in Dodging
 47467 | Snake:3  | Received a gift from Okawaru
 47876 | Snake:3  | Reached XP level 18. HP: 163/180 MP: 27/27
 48223 | Snake:3  | Reached skill level 21 in Fighting
 48468 | Shoals:1 | Noticed Kirke
 48688 | Shoals:1 | Killed Kirke
 49025 | Shoals:1 | Received a gift from Okawaru
 49120 | Shoals:1 | Noticed a titan
 49201 | Shoals:1 | Killed a titan
 49211 | Shoals:1 | Identified the +9 dagger "Eviscerator" {vorpal, Fly rF-
                  | Will+++ rCorr}
 49400 | Shoals:2 | Noticed Jorgrun
 49421 | Shoals:2 | Killed Jorgrun
 50034 | Shoals:3 | Found a runed translucent door.
 50098 | Shoals:3 | Noticed Angmar's ghost (adept DrTm)
 50164 | Shoals:3 | Reached skill level 15 in Armour
 50172 | Shoals:3 | Identified the +0 chain mail of Spite {Rampage rCorr Dex-5
                  | Slay+6} (Okawaru gifted it to you on level 3 of the Shoals)
 50172 | Shoals:3 | Received a gift from Okawaru
 50272 | Shoals:3 | Reached skill level 1 in Evocations
 50304 | Shoals:3 | Noticed Polyphemus
 50351 | Shoals:3 | Killed Polyphemus
 50925 | Shoals:3 | Reached skill level 22 in Fighting
 51372 | Shoals:3 | Killed Angmar's ghost
 51378 | Shoals:3 | Identified the +1 pair of gloves of Qazlal's Grace {rC+
                  | Int-3 Dex+3 SInv}
 51421 | Shoals:4 | Entered Level 4 of the Shoals
 51421 | Shoals:4 | Found a blossoming altar of Fedhas.
 51688 | Shoals:4 | Paralysed by an air elemental for 1 turns
 52124 | Shoals:4 | Paralysed by an air elemental for 1 turns
 52129 | Shoals:4 | Paralysed by an air elemental for 1 turns
 52156 | Shoals:4 | Identified the +3 war axe "Puxtag" {holy, Dex+2}
 52210 | Shoals:4 | Reached XP level 19. HP: 193/193 MP: 28/28
 52293 | Shoals:4 | Reached skill level 5 in Evocations
 52333 | Shoals:4 | Paralysed by an air elemental for 1 turns
 52679 | Shoals:4 | Identified the +7 halberd "Fyich" {drain, Fly rElec rC++
                  | Str+3}
 52773 | Shoals:4 | Identified the +1 morningstar of Gokoat {speed, Fragile rF-
                  | Str+9 Stlth+} (Okawaru gifted it to you on level 4 of the
                  | Shoals)
 52773 | Shoals:4 | Received a gift from Okawaru
 53076 | Shoals:4 | Noticed Donald
 53096 | Shoals:4 | Killed Donald
 53258 | Shoals:4 | Got a barnacled rune of Zot
 53282 | Shoals:4 | Got the Secrets of Peregrination
 53286 | Shoals:4 | Got Gyolluse's Textbook on Displacement and the Rocks
 53730 | Snake:4  | Entered Level 4 of the Snake Pit
 53924 | Snake:4  | Noticed Nikola
 53957 | Snake:4  | Killed Nikola
 54007 | Snake:4  | Identified the +0 robe of Terror {Str+3 Slay+3}
 54178 | Snake:3  | Received a gift from Okawaru
 54190 | Snake:3  | Reached skill level 23 in Fighting
 54485 | Snake:4  | Received a gift from Okawaru
 54774 | Snake:4  | Got a serpentine rune of Zot
 55284 | Depths:1 | Entered Level 1 of the Depths
 55417 | Depths:1 | Found a one-way gate to the infinite horrors of the Abyss.
 55417 | Depths:1 | Noticed Louise
 55430 | Depths:1 | Killed Louise
 55508 | Depths:1 | Found Vewism's Jewellery Shop.
 55727 | Depths:1 | Reached XP level 20. HP: 202/203 MP: 29/29
 55904 | Depths:1 | Found a transporter.
 55905 | Depths:1 | Found a transporter.
 55936 | Depths:1 | Found a transporter.
 55947 | Depths:1 | Received a gift from Okawaru
 55983 | Depths:1 | Found a transporter.
 56045 | Depths:1 | Found a transporter.
 56045 | Depths:1 | Found a basalt altar of Yredelemnul.
 56046 | Depths:1 | Found a transporter.
 56445 | Depths:1 | Noticed a hellephant
 56493 | Depths:1 | Identified the +3 executioner's axe of Ihuil {protect, MP+9
                  | Str+4 Dex+2} (Okawaru gifted it to you on level 1 of the
                  | Depths)
 56493 | Depths:1 | Received a gift from Okawaru
 56605 | Depths:1 | Killed a hellephant
 57051 | Elf:1    | Bought a ring of protection from fire for 425 gold pieces
 57451 | Depths:1 | Found a gateway to Hell.
 57651 | Depths:1 | Noticed a juggernaut
 57651 | Depths:1 | Noticed a juggernaut
 57939 | Vaults:1 | Entered Level 1 of the Vaults
 57982 | Vaults:1 | Found Ohiteuq's Book Shop.
 58245 | Vaults:1 | Reached skill level 24 in Fighting
 58543 | Vaults:1 | Reached skill level 10 in Evocations
 59687 | Vaults:2 | Received a gift from Okawaru
 59870 | Vaults:2 | Identified the +6 demon whip of Majestic Subterfuge {venom,
                  | rF++ Str-2 Int+4 SInv} (Okawaru gifted it to you on level 2
                  | of the Vaults)
 59870 | Vaults:2 | Received a gift from Okawaru
 60774 | Vaults:2 | Reached XP level 21. HP: 181/215 MP: 30/30
 61402 | Vaults:2 | Found a staircase to the Crypt.
 61628 | Vaults:2 | Received a gift from Okawaru
 62127 | Arena    | Entered the Arena
 62577 | Vaults:3 | Reached skill level 25 in Fighting
 63672 | Vaults:4 | Noticed a golden dragon
 64005 | Vaults:4 | Identified the +0 pair of boots "Juwuteim" {rN++ Dex+4}
                  | (Okawaru gifted it to you on level 4 of the Vaults)
 64005 | Vaults:4 | Received a gift from Okawaru
 64143 | Vaults:4 | Reached skill level 15 in Invocations
 64163 | Vaults:4 | Reached skill level 5 in Throwing
 64457 | Vaults:4 | Found Zielouv's Armour Shoppe.
 64527 | Vaults:4 | Reached XP level 22. HP: 226/226 MP: 33/33
 66096 | Depths:2 | Noticed a caustic shrike
 66188 | Depths:2 | Identified the +8 broad axe "Xesalid" {drain, *Corrode rC++
                  | Str+2}
 66360 | Depths:2 | Noticed Asterion
 66386 | Depths:2 | Killed Asterion
 66386 | Depths:2 | Identified the +5 broad axe "Quzoidunt" {vorpal, rElec}
                  | (Okawaru gifted it to you on level 2 of the Depths)
 66386 | Depths:2 | Received a gift from Okawaru
 66523 | Depths:2 | Noticed a golden dragon
 66537 | Depths:2 | Killed a golden dragon
 66833 | Depths:2 | Noticed a caustic shrike
 66837 | Depths:2 | Noticed a caustic shrike
 67206 | Elf:1    | Bought a ring of resist corrosion for 340 gold pieces
 67769 | Depths:2 | Found a one-way gateway to a ziggurat.
 67868 | Depths:2 | Reached skill level 26 in Fighting
 67934 | Depths:2 | Received a gift from Okawaru
 68011 | Depths:2 | Gained mutation: Your spells are a little easier to cast,
                  | but a little less powerful. [a cacodemon]
 68038 | Depths:1 | Killed a caustic shrike
 68070 | Depths:2 | Gained mutation: You have supernaturally acute eyesight.
                  | (SInv) [a cacodemon]
 68101 | Depths:2 | Killed a caustic shrike
 68108 | Depths:2 | Killed a caustic shrike
 68129 | Depths:2 | Found a one-way gate leading to the halls of Pandemonium.
 69034 | Depths:3 | Noticed a juggernaut
 69068 | Depths:3 | Noticed a caustic shrike
 69102 | Depths:3 | Killed a caustic shrike
 69150 | Depths:2 | Reached XP level 23. HP: 220/237 MP: 35/35
 69254 | Depths:3 | Received a gift from Okawaru
 69472 | Depths:3 | Learned a level 4 spell: Passage of Golubria
 69625 | Depths:3 | Noticed a caustic shrike
 69677 | Depths:3 | Noticed a juggernaut
 69702 | Depths:3 | Noticed a juggernaut
 70115 | Depths:4 | Entered Level 4 of the Depths
 70412 | Depths:4 | Noticed Boris
 70831 | Depths:4 | Killed Boris
 70897 | Depths:4 | Found a portal to a secret trove of treasure.
 70916 | Depths:4 | Identified the +5 dagger of the Omega Point {speed, rElec
                  | Will+ Dex-4}
 71567 | Depths:4 | Found a gate to the Realm of Zot.
 72048 | Vaults:4 | Killed a golden dragon
 72131 | Vaults:5 | Entered Level 5 of the Vaults
 72287 | Vaults:5 | Noticed an ancient lich
 72309 | Vaults:5 | Killed an ancient lich
 72388 | Vaults:5 | Identified the +0 pair of boots "Lenagu" {Will++ Int+5}
 72406 | Vaults:5 | Got a silver rune of Zot
 72418 | Vaults:5 | Identified the +6 scale mail of Coguimad {Rampage} (Okawaru
                  | gifted it to you on level 5 of the Vaults)
 72418 | Vaults:5 | Received a gift from Okawaru
 72470 | Vaults:5 | Reached skill level 10 in Throwing
 72616 | Vaults:5 | Reached skill level 27 in Fighting
 72743 | Vaults:5 | Noticed a dread lich
 72754 | Vaults:5 | Killed a dread lich
 72760 | Vaults:5 | Reached XP level 24. HP: 249/249 MP: 33/35
 72842 | Vaults:5 | Identified the +11 glaive "Zes Hag" {spect, *Rage rElec
                  | MP+9 Int+6} (Okawaru gifted it to you on level 5 of the
                  | Vaults)
 72842 | Vaults:5 | Received a gift from Okawaru
 73220 | Vaults:5 | Identified the +8 chain mail of Cloud Cover {Str-2 Int+6}
 73237 | Vaults:5 | Identified the +1 scale mail "Penn" {Dex+2}
 73384 | Vaults:5 | Received a gift from Okawaru
 73702 | Vaults:5 | Noticed a dread lich
 73717 | Vaults:5 | Killed a dread lich
 74542 | D:13     | Bought a potion of haste for 150 gold pieces
 74542 | D:13     | Bought a potion of haste for 150 gold pieces
 76206 | Zot:1    | Entered Level 1 of the Realm of Zot
 76244 | Depths:4 | Received a gift from Okawaru
 76627 | Zot:1    | Received a gift from Okawaru
 77338 | Zot:2    | Reached XP level 25. HP: 213/240 MP: 35/35
 77386 | Zot:2    | Received a gift from Okawaru
 78049 | Zot:2    | Received a gift from Okawaru
 79974 | Lair:4   | Reached skill level 15 in Evocations
 79975 | Lair:4   | Received a gift from Okawaru
 79997 | Lair:4   | Killed MisterFreud's ghost
 80022 | Lair:4   | Identified the +1 pair of gloves of the Terrible Wumpus
                  | {Contam +Blink Will+}
 80637 | Zot:5    | Entered Level 5 of the Realm of Zot
 80692 | Zot:5    | Received a gift from Okawaru
 80904 | Zot:5    | Received a gift from Okawaru
 81333 | Zot:5    | Noticed an ancient lich
 81333 | Zot:5    | Noticed an ancient lich
 81333 | Zot:5    | Noticed an orb of fire
 81333 | Zot:5    | Noticed a Killer Klown
 81333 | Zot:5    | Noticed a Killer Klown
 81333 | Zot:5    | Noticed a dread lich
 81334 | Zot:5    | Noticed a Killer Klown
 81342 | Zot:5    | Killed from afar by an electric golem

Illustrated notes

Levels and vault maps discovered:
D:1:      shiori_arrival_oz, layout_loops_ring
D:2:      layout_basic, minmay_misc_feat_plants, uniq_robin, uniq_natasha
D:3:      layout_basic, grunt_temple_overflow_cloverleaf,
          nicolae_dithmenos_the_darkroom
D:4:      layout_basic, kennysheep_mini_moat, nicolae_sif_muna_little_library,
          uniq_blork_the_orc, uniq_edmund
D:5:      layout_rooms, xom_confusion_cloud, minmay_temple_entry_sparse_star,
          uniq_ijyb, uniq_sigmund, uniq_duvessa, uniq_eustachio
D:6:      layout_loops_ring, nicolae_uskayaw_dance_hall, dk_noncrumbling_4
D:7:      layout_basic, good_gods_mini_temple
D:8:      layout_basic, serial_demonic, serial_demonic_c, serial_demonic_g,
          serial_demonic_e, serial_demonic_f, serial_demonic_c,
          serial_demonic_b, hangedman_decor_clover_reticule
D:9:      layout_roguey, grunt_lair_entry_orc_guard_hut, minmay_misc_feat_chi
D:10:     layout_long_grid, orc_0_dummy
D:11:     layout_gridville, minivault_7, uniq_harold
D:12:     layout_basic, portal_ice_cave_entry_pillars_1,
          nrook_guardian_serpent_double
D:13:     layout_roguey, grunt_ministairs_7, minmay_misc_feat_encased,
          grunt_decor_fettered, minivault_11, eino_tiny_chamber,
          nicolae_island_escapes, uniq_urug, uniq_maurice, uniq_rupert
D:14:     layout_basic, david_vaults_4
D:15:     hangedman_depths_entry_try_elsewhere_first, layout_stronghold,
          tso_metal_star, nicolae_hepliaklqana_hippocampus, uniq_josephine,
          uniq_azrael
Lair:1:   layout_misc_corridors, st_stairs_7, chequers_serial_rivers_room_b
Lair:2:   layout_gridlike, minmay_shoals_entry_hut, lemuel_fruit_fields,
          infiniplex_staircase_pool_2, serial_bayou_shore_a
Lair:3:   layout_loops_ring, minmay_snake_entry_guardpost_small
Lair:4:   layout_long_grid, minmay_slime_entry_eyes, gammafunk_ghost_split,
          wad_woods_road_05
Lair:5:   cheibrodos_lair_end_hotspot, layout_regular_city,
          chequers_serial_rivers_large_b, uniq_snorg
Shoals:1: cheibrodos_shoals_gigantism, layout_shoals, nicolae_shop_vocational,
          uniq_kirke, uniq_aizul
Shoals:2: layout_shoals, uniq_jorgrun
Shoals:3: layout_shoals, ebering_ghost_reflecting_pool, uniq_polyphemus
Shoals:4: shoals_end_hellmonk_storm_palace [storm_palace_center_square,
          storm_palace_corner_reverse_hut, storm_palace_corner_reverse_hut,
          storm_palace_corner_pillars, storm_palace_corner_altar], uniq_donald
Snake:1:  nicolae_snake_hallway, layout_layer_cave, grunt_ministairs_6,
          nicolae_snake_herptile_family_reunion
Snake:2:  layout_cave_pods, drop_trap, nicolae_triple_integral
Snake:3:  nicolae_snake_attic_fulla_snakes, layout_gridlike, st_stairs_3,
          hangedman_snake_pattern
Snake:4:  snake_pit, layout_misc_corridors, uniq_nikola
Orc:1:    layout_caves, serial_shops, shop, mines2_lemuel
Orc:2:    grunt_orc_community_town_hall, layout_caves,
          grunt_orc_community_big_house_1, grunt_orc_community_big_house_1,
          grunt_orc_community_house_1, grunt_orc_community_house_2,
          grunt_orc_community_house_1, grunt_orc_community_house_1,
          grunt_orc_community_house_2, grunt_orc_community_house_2,
          serial_shops, shop
Elf:1:    eino_elf_arrival_shootout, layout_geoelf_octagon,
          minmay_elf_annihilation, minmay_shop_grove, uniq_agnes
Vaults:1: v_misc_2, nicolae_vaults_network_s, vaults_room_stairs_pillars,
          nicolae_vaults_alarming, vaults_room_fours, vaults_dpeg_encased_lava,
          v_misc_4, nicolae_vaults_little_squares_5, v_misc_12,
          nicolae_vaults_diagonal_hallway_9, vaults_mumra_chevron,
          layout_vaults_maze_bifur, serial_shops, nicolae_shop_hallway_stairs
Vaults:2: ontoclasm_vaults_loading_screen, minmay_crypt_entry_skeletal_spiral,
          nicolae_vaults_stairing_the_circle, vaults_room_pools,
          nicolae_vaults_ring_of_whatevers, v_misc_15, ontoclasm_vaults_hangar,
          vaults_room_semicircle, vaults_mumra_hex, vaults_standard_mumra_x,
          vaults_dpeg_diagonal, vaults_room_corners, layout_vaults_chaotic_city
Vaults:3: hangedman_vaults_nodes, nicolae_vaults_gold_heap, v_misc_17,
          v_rooms_5, v_misc_23, nicolae_vaults_little_ls,
          grunt_vaults_hallway_short, v_misc_31, ontoclasm_vaults_fault,
          vaults_room_stairs_pillars, vaults_room_corners,
          layout_vaults_quadrants
Vaults:4: nicolae_vaults_an_arrangement, nicolae_vaults_three_branches,
          nicolae_vaults_network_quinsquares
          [nicolae_vaults_network_quincunx_subvault,
          nicolae_vaults_network_quincunx_subvault,
          nicolae_vaults_network_quincunx_subvault,
          nicolae_vaults_network_quincunx_subvault], nicolae_vaults_triangles,
          ontoclasm_vaults_misaligned, dpeg_vaults_monster_row, v_misc_15,
          grunt_vaults_focal, grunt_vaults_hallway_short,
          vaults_room_semicircle, layout_vaults_omnicross, serial_shops, shop
Vaults:5
Depths:1: minmay_tile_spiral, layout_basic, grunt_hell_horde, serial_shops,
          nicolae_take_the_stairs, nicolae_abyss_entry_one_way_or_another,
          yredelemnul_altar_generic, serial_nicolae_subway,
          nicolae_sub_station_stone, nicolae_sub_station_metal,
          nicolae_sub_station_crystal, grunt_megastairs_5
Depths:2: grunt_arcs, layout_gridville, enter_ziggurat_f,
          hangedman_tar_grid_catacomb, rand_demon_pan_entry_7,
          corexii_hall_statues_u, dispersion_dpeg, uniq_asterion
Depths:3: minmay_curly_fans, layout_basic, hangedman_coc_ice_floe,
          chequers_decorated_corner, abyss_entry_small_statue_room, minivault_12
Depths:4: grunt_zot_entry_hairpin, layout_small_grid, pan_entry, hell_entry,
          nicolae_trove_entry_free_sample, uniq_josephina, uniq_boris
Zot:1:    layout_cellular_growth
Zot:2:    lemuel_halls_of_wrath, layout_cathedral_of_symmetry
Zot:3:    layout_cathedral_of_symmetry
Zot:4:    kennysheep_oblong_rooms, layout_twisted_circle,
          nicolae_zot_crop_circle
Zot:5:    layout_gridlike, grunt_ministairs_14, guppyfry_library_mini

Skill      XL: |  1  2  3  4  5  6  7  8  9 10 11 12 13 14 15 16 17 18 19 20 21 22 23 24 25 |
---------------+----------------------------------------------------------------------------+-----
Axes           | 3 4 5 6 7 9 11 13 15 16 18 | 18.0
Fighting       | 4 5 6 7 9 11 13 14 16 17 18 19 20 22 23 24 25 26 27 | 27.0
Invocations    | 2 4 6 8 9 11 12 13 15 16 | 16.9
Shields        | 5 7 9 12 15 | 15.0
Armour         | 5 8 10 11 13 15 17 18 19 20 21 23 | 23.9
Throwing       | 3 5 8 10 12 14 | 14.0
Dodging        | 1 5 7 8 10 11 | 11.1
Evocations     | 4 8 10 12 14 15 | 15.0

Action                   |  1- 3 |  4- 6 |  7- 9 | 10-12 | 13-15 | 16-18 | 19-21 | 22-24 | 25-27 || total
-------------------------+-------+-------+-------+-------+-------+-------+-------+-------+-------++-------
Melee: War axe           |    58 |   157 |   288 |   644 |  1951 |    86 |   104 |    83 |       ||  3371
       Mace              |       |       |       |    26 |    14 |     9 |    80 |    86 |       ||   215
       Broad axe         |       |       |       |       |       |  1518 |  1697 |  1832 |   591 ||  5638
Throw: Throwing net      |       |       |       |     1 |     1 |     3 |       |     1 |       ||     6
       Boomerang         |       |       |       |       |       |       |     9 |     1 |       ||    10
Invok: Heroism           |       |     1 |    11 |    21 |    24 |    22 |    19 |    10 |       ||   108
       Finesse           |       |       |       |     2 |     9 |    17 |    15 |    15 |     4 ||    62
       Duel              |       |       |       |       |       |       |     1 |       |       ||     1
Evoke: Wand              |       |       |       |     3 |     2 |     3 |     5 |       |       ||    13
       Condenser vane    |       |       |       |       |       |     2 |     1 |     1 |     2 ||     6
       Tin of tremorston |       |       |       |       |       |       |       |     3 |     2 ||     5
  Use: Scroll            |     2 |     5 |     3 |     4 |    14 |    20 |    11 |    10 |     6 ||    75
       Potion            |       |     1 |     2 |     1 |     3 |    10 |    11 |     3 |     3 ||    34
 Stab: Held in net/web   |       |       |       |       |     3 |       |       |       |       ||     3
       Paralysed         |       |       |       |       |     8 |       |     3 |       |       ||    11
       Distracted        |       |       |       |       |       |       |       |     1 |       ||     1
Armor: Scale mail        |    28 |    81 |   105 |       |       |       |       |       |       ||   214
       Ring mail         |       |       |    16 |   155 |   153 |     6 |       |       |       ||   330
       Plate armour      |       |       |       |       |   455 |   571 |   780 |   183 |       ||  1989
       Gold dragon scale |       |       |       |       |       |       |       |   971 |   322 ||  1293
Dodge: Dodged            |    38 |    73 |   102 |   208 |   421 |   342 |   429 |   537 |   160 ||  2310
Block: Buckler           |    16 |    53 |   122 |   277 |   566 |       |       |       |       ||  1034
       Reflection        |       |     4 |     4 |     3 |    17 |   144 |    77 |    30 |     7 ||   286
       Kite shield       |       |       |       |       |   580 |  1284 |  1260 |  1575 |   380 ||  5079
